 Dungeon Sprint DCSS version 0.23.2-1-ga50397a (webtiles) character file.

Game seed: 11245990045857310030

1345 razor4143 the Carver (level 8, -10/73 HPs)
             Began as a Demonspawn Chaos Knight on May 4, 2019.
             Was a Plaything of Xom.
             Mangled by a six-headed hydra (12 damage)
             ... in the Dungeon (Sprint IX: "|||||||||||||||||||||||||||||").
             The game lasted 00:02:53 (787 turns).

razor4143 the Carver (Demonspawn Chaos Knight)       Turns: 787, Time: 00:02:54

Health: -10/73     AC:  9    Str: 18    XL:     8   Next: 36%
Magic:  8/8        EV: 12    Int: 13    God:    Xom [....*.]
Gold:   0          SH:  0    Dex: 13    Spells: 7/7 levels left

rFire    . . .     SeeInvis .   o - +2 rapier (elec)
rCold    + . .     Gourm    .   (no shield)
rNeg     . . .     Faith    .   t - +2 ring mail
rPois    .         Spirit   .   (helmet restricted)
rElec    .         Reflect  .   (no cloak)
rCorr    .         Harm     .   q - +0 pair of gloves
MR       .....     NoTele   +   r - +0 pair of boots
Stlth    +.........             (no amulet)
HPRegen  0.22/turn              s - +3 ring of strength
MPRegen  0.11/turn              u - +2 ring of evasion

@: hasted, very quick
A: antennae 1, cold resistance 1, powered by pain 1, freezing cloud immunity
a: Renounce Religion


You were in the Dungeon.
You worshipped Xom.
You were a beloved toy of Xom.
You were not hungry.

You visited 1 branch

Inventory:

Hand Weapons
 a - a +0 falchion of chaos
 o - a +2 rapier of electrocution (weapon)
Armour
 b - a +2 leather armour
 h - a +2 robe of magic resistance
 q - a +0 pair of gloves (worn)
 r - a +0 pair of boots (worn)
 t - a +2 ring mail (worn)
Magical Staves
 p - an uncursed staff of energy
Jewellery
 s - a +3 ring of strength (left hand)
 u - a +2 ring of evasion (right hand)
Wands
 m - a wand of iceblast (9)
Scrolls
 i - 2 scrolls of blinking
 k - 3 scrolls of remove curse
 l - 2 scrolls of amnesia
 x - 2 scrolls of fear
 y - 4 scrolls of enchant weapon
 z - 2 scrolls of enchant armour
 A - 2 scrolls of identify
Potions
 d - 3 potions of curing
 g - 4 potions of magic
 j - a potion of might
 n - 2 potions of agility
 v - 2 potions of brilliance
 w - a potion of berserk rage
Comestibles
 c - 2 rations


   Skills:
 + Level 10.4 Fighting
 - Level 14.1 Long Blades
 - Level 1.7 Armour
 - Level 0.8 Dodging


You had 7 spell levels left.
You didn't know any spells.
Your spell library was empty.

Dungeon Overview and Level Annotations

Branches:
Dungeon (1/1)

Altars:
Cheibriados
Dithmenos
Elyvilon
Fedhas
Gozag
Hepliaklqana
Kikubaaqudgha
Makhleb
Nemelex Xobeh
Okawaru
Qazlal
Ru
Sif Muna
Trog
Uskayaw
Vehumet
Wu Jian
Xom
Yredelemnul
Zin
The Shining One
Beogh
Jiyva
Lugonu


Innate Abilities, Weirdness & Mutations

You have a pair of small antennae on your head.
Your flesh is cold resistant. (rC+)
You sometimes gain a little power by taking damage.
You are immune to freezing clouds.


Message History

The six-headed hydra is heavily wounded.
You feel much better. The six-headed hydra barely misses you.
The six-headed hydra bites you. x2; The six-headed hydra barely misses you.
The six-headed hydra bites you! The six-headed hydra bites you.
You hit the six-headed hydra.
The six-headed hydra is heavily wounded.
The six-headed hydra bites you but does no damage. x2
The six-headed hydra completely misses you.
The six-headed hydra bites you. The six-headed hydra bites you!
* * * LOW HITPOINT WARNING * * *
The six-headed hydra barely misses you.
You feel yourself speed up.
The six-headed hydra bites you but does no damage.
The six-headed hydra misses you. x2; The six-headed hydra barely misses you.
The six-headed hydra bites you!
* * * LOW HITPOINT WARNING * * *
Xom is highly amused!
The six-headed hydra bites you!
You die...
Xom is highly amused!

▓.▓.▓.▓
▓.▓.▓.▓
▓[▓.▓.▓
▓.▓.▓.▓
▓.▓.▓'▓
▓.▓.▓_▓
▓.▓.▓_▓
▓.▓.▓_▓
▓@▓.▓_▓
▓D▓.▓_▓
▓F▓.▓_▓
▓F▓.▓_▓
▓H▓.▓_▓
▓t▓.▓_▓
▓l▓.▓_▓
▓S▓.▓_▓
▓.▓_▓


You could see a six-headed hydra, a hippogriff, a black mamba, a spiny frog, a
basilisk, a crocodile and a bullfrog.

Vanquished Creatures
  A deep elf mage (D)
  A spiny frog (D)
  A slime creature (D)
  A yak (D)
  A hog (D)
  A howler monkey (D)
  A crimson imp (D)
  An iguana (D)
  An orc wizard (D)
  2 worker ants (D)
  A gnoll (D)
  An adder (D)
  A leopard gecko (D)
  An orc (D)
  A bat skeleton (D)
  A giant cockroach (D)
  A goblin (D)
  A hobgoblin (D)
  A jackal (D)
  A quokka (D)
  2 rats (D)
23 creatures vanquished.

Vanquished Creatures (others)
  A killer bee (D)
1 creature vanquished.

Grand Total: 24 creatures vanquished

Notes
Turn   | Place    | Note
-------+----------+-------------------------------------------
     0 | D        | razor4143 the Demonspawn Chaos Knight began the quest for
                  | the Orb.
     0 | D        | Reached XP level 1. HP: 18/18 MP: 1/1
     7 | D        | Reached skill level 3 in Long Blades
    22 | D        | Reached skill level 4 in Long Blades
   165 | D        | Noticed an iguana
   167 | D        | Reached skill level 5 in Long Blades
   167 | D        | Gained mutation: You have a pair of small antennae on your
                  | head. [demonic ancestry]
   167 | D        | Reached XP level 2. HP: 24/24 MP: 2/2
   172 | D        | Reached skill level 6 in Long Blades
   172 | D        | Gained mutation: You sometimes gain a little power by
                  | taking damage. [demonic ancestry]
   172 | D        | Reached XP level 3. HP: 29/29 MP: 3/3
   189 | D        | Found a roughly hewn altar of Beogh.
   189 | D        | Found a snail-covered altar of Cheibriados.
   189 | D        | Found a shadowy altar of Dithmenos.
   189 | D        | Found a white marble altar of Elyvilon.
   189 | D        | Found a blossoming altar of Fedhas.
   189 | D        | Found an opulent altar of Gozag.
   190 | D        | Found a hazy altar of Hepliaklqana.
   191 | D        | Found a viscous altar of Jiyva.
   228 | D        | Found an ancient bone altar of Kikubaaqudgha.
   229 | D        | Found a corrupted altar of Lugonu.
   230 | D        | Found a burning altar of Makhleb.
   231 | D        | Found a sparkling altar of Nemelex Xobeh.
   232 | D        | Found an iron altar of Okawaru.
   233 | D        | Found a stormy altar of Qazlal.
   234 | D        | Found a sacrificial altar of Ru.
   235 | D        | Found a deep blue altar of Sif Muna.
   236 | D        | Found a bloodstained altar of Trog.
   237 | D        | Found a hide-covered altar of Uskayaw.
   238 | D        | Found a radiant altar of Vehumet.
   239 | D        | Found an ornate altar of the Wu Jian Council.
   240 | D        | Found a shimmering altar of Xom.
   241 | D        | Found a basalt altar of Yredelemnul.
   242 | D        | Found a glowing silver altar of Zin.
   243 | D        | Found a glowing golden altar of the Shining One.
   260 | D        | Got the +3 war axe of Equivalence {freeze, MR++}
   301 | D        | Noticed a yak
   302 | D        | Reached skill level 7 in Long Blades
   302 | D        | XOM: potion effect (agility)
   305 | D        | XOM: enchant monster (good)
   306 | D        | XOM: blink monster(s)
   315 | D        | Killed a yak
   315 | D        | Reached skill level 5 in Fighting
   315 | D        | Reached skill level 9 in Long Blades
   315 | D        | Reached XP level 4. HP: 40/40 MP: 4/4
   315 | D        | Reached XP level 5. HP: 46/46 MP: 5/5
   319 | D        | Reached skill level 10 in Long Blades
   328 | D        | Gained mutation: Your flesh is cold resistant. (rC+)
                  | [demonic ancestry]
   328 | D        | Reached XP level 6. HP: 53/53 MP: 6/6
   342 | D        | Noticed a deep elf mage
   342 | D        | Noticed a slime creature
   348 | D        | Killed a deep elf mage
   348 | D        | Reached skill level 12 in Long Blades
   348 | D        | Reached XP level 7. HP: 42/63 MP: 7/7
   354 | D        | Killed a slime creature
   354 | D        | Reached skill level 13 in Long Blades
   499 | D        | Noticed Erolcha
   507 | D        | Noticed Erolcha
   507 | D        | Erolcha changed into Erolcha the hog
   509 | D        | Killed Erolcha the hog
   509 | D        | Gained mutation: You are immune to freezing clouds.
                  | [demonic ancestry]
   509 | D        | Reached XP level 8. HP: 34/72 MP: 8/8
   772 | D        | Noticed a spiny frog
   772 | D        | Noticed a six-headed hydra
   772 | D        | Noticed a spiny frog
   772 | D        | Noticed a hippogriff
   777 | D        | Killed a spiny frog
   777 | D        | Reached skill level 10 in Fighting
   777 | D        | Reached skill level 14 in Long Blades
   777 | D        | XOM: potion effect (heal wounds)
   781 | D        | Noticed a black mamba
   787 | D        | HP: 2/73 [six-headed hydra (12)]
   787 | D        | Mangled by a six-headed hydra

Skill      XL: |  1  2  3  4  5  6  7  8 |
---------------+-------------------------+-----
Long Blades    | 5 6 9 10 12 13 14 | 14.1
Fighting       | 5 6 8 9 10 | 10.4
Armour         | |  1.7
Dodging        | |  0.8

Action                   |  1- 3 |  4- 6 |  7- 9 || total
-------------------------+-------+-------+-------++-------
Melee: Falchion          |    29 |       |     6 ||    35
       Rapier            |    10 |    14 |    26 ||    50
Evoke: Wand              |     1 |       |       ||     1
  Use: Potion            |     3 |       |     5 ||     8
 Stab: Invisible         |       |     3 |       ||     3
Armor: Leather armour    |     9 |       |       ||     9
       Ring mail         |       |     1 |    18 ||    19
Dodge: Dodged            |    28 |     6 |    28 ||    62
       Rpst.: Falchion   |     4 |       |       ||     4
